 Dungeon Crawl Stone Soup version 0.24.0-1-gfbc8707122 (webtiles) character file.

Game seed: 17209085562687107307, levelgen mode: deterministic

2405 Gumption the Cutter (level 9, -1/52 (54) HPs)
             Began as a Halfling Skald on Oct 27, 2019.
             Was a Believer of Wu Jian.
             Slain by an orc warrior
             ... wielding a +0 short sword
              (12 damage)
             ... on level 7 of the Dungeon.
             The game lasted 01:28:06 (8606 turns).

Gumption the Cutter (Halfling Skald)                Turns: 8606, Time: 01:28:06

HP:   -1/52 (54)    AC:  8    Str: 12    XL:     9   Next: 75%
MP:   8/15          EV: 13    Int: 11    God:    Wu Jian [**....]
Gold: 333           SH:  7    Dex: 17    Spells: 6/16 levels left

rFire    . . .     SeeInvis .   a - +0 dagger (venom)
rCold    . . .     Gourm    .   F - +1 buckler
rNeg     . . .     Faith    .   n - +3 leather armour
rPois    .         Spirit   .   c - +2 hat
rElec    .         Reflect  .   (no cloak)
rCorr    +         Harm     .   (no gloves)
MR       .....                  (no boots)
Stlth    +++.......             m - amulet of regeneration
HPRegen  1.57/turn              f - ring of resist corrosion
MPRegen  0.14/turn              o - ring of wizardry

@: regenerating, heavily drained
A: small, mutation resistance 1
a: Wall Jump, Renounce Religion


You were on level 7 of the Dungeon.
You worshipped Wu Jian.
Wu Jian was pleased with you.
You were very hungry.

You visited 2 branches of the dungeon, and saw 9 of its levels.

You collected 333 gold pieces.

Inventory:

Hand Weapons
 a - a +0 dagger of venom (weapon)
 b - a +0 hunting sling
Missiles
 l - 307 stones
 q - 51 poisoned darts (quivered)
 A - 17 sling bullets
 C - 8 boomerangs
 L - 2 throwing nets
Armour
 c - a +2 hat (worn)
 n - a +3 leather armour (worn)
 y - the +2 robe "Woesisut" {+Inv MR+ Dex-2}
   (You found it on level 5 of the Dungeon)

   It affects your dexterity (-2).
   It affects your resistance to hostile enchantments.
   It lets you turn invisible.
 F - a +1 buckler (worn)
Jewellery
 f - a ring of resist corrosion (left hand)
 m - an amulet of regeneration (around neck)
 o - a ring of wizardry (right hand)
 p - an uncursed amulet of harm {unknown}
 u - an uncursed amulet of the acrobat {unknown}
Wands
 r - a wand of acid (10)
 t - a wand of random effects (34)
 z - a wand of paralysis (6)
 B - a wand of polymorph (6)
 E - a wand of digging (7)
 H - a wand of flame (25)
 J - a wand of iceblast (6)
Scrolls
 e - 7 scrolls of remove curse
 i - 3 scrolls of fear
 k - 3 scrolls of teleportation
 v - a scroll of enchant armour
Potions
 g - 5 potions of cancellation
 h - a potion of flight
 j - a potion of agility {unknown}
 s - a potion of mutation {unknown}
 w - 3 potions of lignification
 D - a potion of brilliance {unknown}
 K - a potion of curing {unknown}
Comestibles
 d - 10 rations


   Skills:
 - Level 1.7(0.6) Fighting
 + Level 6.9(5.7) Short Blades
 + Level 6.1(4.9) Slings
 - Level 1.1(0.0) Armour
 - Level 2.1(1.0) Dodging
 + Level 5.2(3.9) Stealth
 * Level 4.4(3.2) Shields
 + Level 4.3(3.1) Spellcasting
 + Level 0.5(0.0) Hexes
 - Level 6.0(4.7) Charms
 - Level 2.0(0.9) Necromancy
 - Level 2.1(1.0) Translocations


You had 6 spell levels left.
You knew the following spells:

 Your Spells              Type           Power        Failure   Level  Hunger
a - Spectral Weapon       Hex/Chrm       #.......     19%         3    ###....
b - Song of Slaying       Chrm           ##......     3%          2    ###....
c - Shroud of Golubria    Chrm/Tloc      #.....       8%          2    ###....
z - Regeneration          Chrm/Necr      #.........   16%         3    ###....

Your spell library contained the following spells:

 Spells                   Type           Power        Failure   Level  Hunger
 Infusion                 Chrm           ##..         2%          1    #......


Dungeon Overview and Level Annotations

Branches:
Dungeon (8/15)             Temple (1/1) D:4
   Lair: D:8-11

Altars:
Ashenzari
Cheibriados
Dithmenos
Elyvilon
Fedhas
Gozag
Kikubaaqudgha
Makhleb
Nemelex Xobeh
Okawaru
Qazlal
Ru
Sif Muna
Trog
Uskayaw
Vehumet
Wu Jian
Xom
Yredelemnul
Zin
The Shining One

Annotations:
D:5 Sigmund


Innate Abilities, Weirdness & Mutations

You are small and have problems with some larger weapons.
You are somewhat resistant to further mutation.


Message History

Beogh smites you!
You closely miss the orc priest.
The orc priest is moderately wounded.
You block the orc warrior's attack.
The orc priest hits you but does no damage.
You hit the orc priest but do no damage.
The orc priest looks as sick as possible!
The orc priest is heavily wounded.
The orc warrior hits you with a +0 short sword!!
* * * LOW HITPOINT WARNING * * *
The orc priest barely misses you.
Casting: Spectral Weapon (safe; 19% risk of failure)
Confirm with . or Enter, or press ? or * to list all spells.
Your skin crawls.
The orc warrior barely misses you.
The orc priest hits you but does no damage.
You spin and attack the orc warrior.
You barely miss the orc warrior.
You spin and attack the orc priest.
You hit the orc priest.
The orc priest is severely wounded.
The orc warrior hits you with a +0 short sword!
You die...

###### .....# ####.#
#.# #.# #.#
####.##############
................o>####
####.########...@o...#
...#.########[###.##.#
.#.#.#..........#.##.#
.#.#.#..........+.##.#
##.#............####.#
...#............####^#
...#..#+#..........#.#
##.#..#.#.########.#.#
#.#..#.#.#....# #.#.#


You could see an orc warrior (pinned) and an orc priest (pinned).

Vanquished Creatures
  A hungry ghost (D:7)
  An orc warrior (D:6)
  2 phantoms (D:5)
  A necrophage (D:7)
  2 ogres
  6 centaurs
  A bullfrog (D:7)
  A scorpion (D:7)
  4 wights (D:7)
  A howler monkey (D:5)
  A crimson imp (D:3)
  3 hounds
  5 orc wizards
  2 bullfrog skeletons
  6 orc priests
  3 iguanas
  2 worker ants
  A howler monkey zombie (D:5)
  8 adders
  9 gnolls
  2 shadow imps (D:6)
  4 oozes
  An adder skeleton (D:5)
  A worm (D:3)
  2 dart slugs
  2 leopard geckos
  20 orcs
  10 bats
  7 giant cockroaches
  9 goblins
  10 hobgoblins
  16 jackals
  9 kobolds
  3 quokkas
  5 ball pythons
  8 frilled lizards
  A quokka skeleton (D:4)
  8 rats
178 creatures vanquished.

Vanquished Creatures (others)
  6 spectral weapons
6 creatures vanquished.

Grand Total: 184 creatures vanquished

Notes
Turn   | Place    | Note
-------+----------+-------------------------------------------
     0 | D:1      | Gumption the Halfling Skald began the quest for the Orb.
     0 | D:1      | Reached XP level 1. HP: 14/14 MP: 3/3
   203 | D:1      | Reached XP level 2. HP: 9/19 MP: 0/4
   491 | D:1      | Learned a level 2 spell: Song of Slaying
   612 | D:1      | Reached XP level 3. HP: 22/24 MP: 5/5
   629 | D:1      | Learned a level 2 spell: Shroud of Golubria
  1478 | D:2      | Reached XP level 4. HP: 24/29 MP: 3/7
  2687 | D:3      | Reached XP level 5. HP: 34/34 MP: 5/8
  2727 | D:3      | Reached skill level 5 in Charms
  2842 | D:3      | Found an ornate altar of the Wu Jian Council.
  2848 | D:3      | Became a worshipper of the Wu Jian Council
  3067 | D:3      | Reached XP level 6. HP: 29/39 MP: 9/9
  3538 | D:4      | Reached * piety under Wu Jian
  3545 | D:4      | Found a shattered altar of Ashenzari.
  3638 | D:4      | Found a shimmering altar of Xom.
  3747 | D:4      | Learned a level 3 spell: Spectral Weapon
  3753 | D:4      | Found a staircase to the Ecumenical Temple.
  3875 | D:4      | Noticed an ogre
  3884 | D:4      | Reached XP level 7. HP: 44/44 MP: 5/11
  3888 | D:4      | Reached skill level 1 in Slings
  3888 | D:4      | Reached skill level 1 in Stealth
  3888 | D:4      | Reached skill level 1 in Translocations
  3944 | D:4      | Found a glowing golden altar of the Shining One.
  4034 | Temple   | Entered the Ecumenical Temple
  4366 | D:4      | Found a white marble altar of Elyvilon.
  4444 | D:4      | Found a shimmering blue altar of Sif Muna.
  4452 | D:4      | Found a snail-covered altar of Cheibriados.
  4935 | D:5      | Entered Level 5 of the Dungeon
  4948 | D:5      | Learned a level 3 spell: Regeneration
  5092 | D:5      | Found a sparkling altar of Nemelex Xobeh.
  5157 | D:5      | Reached skill level 5 in Short Blades
  5260 | D:5      | Reached XP level 8. HP: 38/49 MP: 5/12
  5653 | D:5      | Got a creamy pearl robe
  5670 | D:5      | Noticed Sigmund
  5886 | D:5      | Reached skill level 1 in Necromancy
  6213 | D:5      | Found an opulent altar of Gozag.
  6491 | D:6      | Reached ** piety under Wu Jian
  6979 | D:6      | Found a blossoming altar of Fedhas.
  7142 | D:6      | Reached skill level 1 in Shields
  7223 | D:6      | Identified the +2 robe "Woesisut" {+Inv MR+ Dex-2} (You
                  | found it on level 5 of the Dungeon)
  7380 | D:6      | Reached XP level 9. HP: 48/54 MP: 14/14
  7501 | D:7      | Reached skill level 5 in Slings
  8223 | D:7      | Reached skill level 5 in Stealth
  8370 | D:7      | Found a glowing silver altar of Zin.
  8606 | D:7      | Slain by an orc warrior

Levels and vault maps discovered:
D:1:      enne_arrival_octagon_isle, layout_rooms
D:2:      layout_basic
D:3:      layout_loops_ring, overflow_temple_1_default, first_ration
D:4:      minmay_evil_eye, layout_loops_ring, evilmike_ruin_ashenzari,
          marbit_many_paths, minitemple, kennysheep_little_box, temple_pool_b,
          elyvilon_altar_5
D:5:      layout_loops_ring, lemuel_coloured_pillars_altar, basic_altar,
          minmay_small_thing, uniq_sigmund
D:6:      layout_loops_corners, overflow_temple_1_default, minmay_misc_feat_rows
D:7:      layout_basic, kennysheep_mini, grunt_ogre_cave
D:8:      layout_layer_cave, minmay_misc_feat_doors, lightli_corner_chamber
Temple:   hc_temple_tempest_star

Skill      XL: |  1  2  3  4  5  6  7  8  9 |
---------------+----------------------------+-----
Charms         | 4 5 6 |  6.0
Short Blades   | 3 4 5 6 |  6.9
Spellcasting   | 2 3 4 |  4.3
Slings         | 3 4 6 |  6.1
Stealth        | 2 4 5 |  5.2
Translocations | 2 |  2.1
Necromancy     | 2 |  2.0
Shields        | 1 4 |  4.4
Fighting       | |  1.7
Armour         | |  1.1
Dodging        | |  2.1
Hexes          | |  0.5

Action                   |  1- 3 |  4- 6 |  7- 9 || total
-------------------------+-------+-------+-------++-------
Melee: Short sword       |   113 |   223 |   162 ||   498
       Dagger            |       |       |   346 ||   346
 Fire: Hunting sling     |       |    72 |    14 ||    86
Throw: Stone             |     8 |       |       ||     8
       Dart              |       |    17 |    30 ||    47
 Cast: Infusion          |    11 |    13 |       ||    24
       Spectral Weapon   |       |     2 |    39 ||    41
       Shroud of Golubri |       |     2 |     4 ||     6
       Regeneration      |       |       |     7 ||     7
Invok: Lunge             |       |     6 |    15 ||    21
       Whirlwind         |       |       |    19 ||    19
  Use: Scroll            |     4 |     3 |     8 ||    15
       Potion            |       |       |     1 ||     1
 Stab: Sleeping          |       |     1 |     6 ||     7
       Distracted        |       |       |     3 ||     3
  Eat: Chunk             |     2 |     9 |    21 ||    32
       Ration            |       |       |     4 ||     4
Armor: Leather armour    |    37 |    73 |    86 ||   196
Dodge: Dodged            |   108 |   185 |   247 ||   540
Block: Buckler           |       |       |    56 ||    56
